 Dungeon Crawl Stone Soup version 0.21.1-1-g345015f (webtiles) character file.

102 wilfster70 the Cutter (level 5, -1/34 HPs)
             Began as a Halfling Warper on June 6, 2018.
             Slain by diana's ghost (5 damage)
             ... on level 3 of the Dungeon.
             The game lasted 00:11:24 (2416 turns).

wilfster70 the Cutter (Halfling Warper)             Turns: 2416, Time: 00:11:24

Health: -1/34      AC:  4    Str: 12    XL:     5   Next: 6%
Magic:  1/7        EV: 14    Int: 12    God:
Gold:   43         SH:  0    Dex: 14    Spells: 3/7 levels left

rFire    . . .     SeeInvis .   a - +2 dagger (venom)
rCold    . . .     Gourm    .   (shield restricted)
rNeg     . . .     Faith    .   o - +0 leather armour
rPois    .         Spirit   .   (no helmet)
rElec    .         Reflect  .   (no cloak)
rCorr    .         Harm     .   p - +0 pair of gloves
MR       .....                  (no boots)
Stlth    +.........             (no amulet)
HPRegen  0.11/turn              (no ring)
MPRegen  0.10/turn              (no ring)

@: shrouded, very slightly contaminated
A: small, mutation resistance 1
a: no special abilities


You were on level 3 of the Dungeon.
You were hungry.

You visited 1 branch of the dungeon, and saw 3 of its levels.

You collected 43 gold pieces.

Inventory:

Hand Weapons
 a - a +2 dagger of venom (weapon)
 b - a +0 hunting sling
Missiles
 e - 5 tomahawks of dispersal (quivered)
 l - 80 stones
Armour
 o - a +0 leather armour (worn)
 p - a +0 pair of gloves (worn)
Scrolls
 d - a scroll of blinking
 i - a scroll of amnesia {unknown}
 m - a scroll of magic mapping {unknown}
 q - a scroll of teleportation {unknown}
Potions
 h - a potion of flight
 j - a potion of agility {unknown}
 k - a potion of might {unknown}
 n - a potion of resistance {unknown}
Books
 c - a book of Spatial Translocations

   Spells                             Type                      Level
   a - Blink                          Translocation                2
   b - Shroud of Golubria             Charms/Translocation         2
   c - Lesser Beckoning               Translocation                3
   d - Gell's Gravitas                Translocation                3
   e - Teleport Other                 Translocation                3
   f - Passage of Golubria            Translocation                4
Comestibles
 f - 8 rations
 g - 2 chunks of flesh


   Skills:
 - Level 1.7 Fighting
 - Level 4.0 Short Blades
 + Level 2.0(2.3) Slings
 - Level 1.0(1.3) Throwing
 + Level 3.4 Armour
 - Level 2.1 Dodging
 - Level 1.5 Spellcasting
 - Level 3.2 Translocations


You had 3 spell levels left.
You knew the following spells:

 Your Spells              Type           Power        Failure   Level  Hunger
a - Blink                 Tloc           N/A          14%         2    ###....
b - Shroud of Golubria    Chrm/Tloc      #.........   28%         2    ###....


Dungeon Overview and Level Annotations

Branches:
Dungeon (3/15)

Altars:
Dithmenos
Yredelemnul

Annotations:
D:3 1 transporter, diana's ghost, amateur DsGl


Innate Abilities, Weirdness & Mutations

You are small and have problems with some larger weapons.
You are somewhat resistant to further mutation.


Message History

Diana's ghost hits you!
* * * LOW HITPOINT WARNING * * *
The shadow imp shouts!
The orc priest shouts!
Diana's ghost stares at you.
There is a stone staircase leading up here.
Cast which spell? (? or * to list)
You miscast Shroud of Golubria.
You are very lightly contaminated with residual magic.
The air around you crackles with energy!
Diana's ghost closely misses you.
Casting: Shroud of Golubria
Confirm with . or Enter, or press ? or * to list all spells.
Space distorts slightly along a thin shroud covering your body.
Diana's ghost hits you.
* * * LOW HITPOINT WARNING * * *
Your shroud bends diana's ghost's attack away.
Casting: Shroud of Golubria
Confirm with . or Enter, or press ? or * to list all spells.
You renew your shroud.
Diana's ghost hits you.
You die...

.#......<..... #
............# ..
........... ..# ...#
#....##.. ..#
.....#....##.# #.#
..........##.####.###
#....>.......#......#
...............##.#.# #
#############..@..#.##.#
≈#.....5o#P8#.#W..÷....#
.#≈≈≈≈≈≈≈#.P#.#..##.####
.#..≈P≈..#..#..........#
!+..≈⌠≈..+/©#©..#####.##
#..PP≈..#..#..####...#
≈≈≈≈≈≈≈#.P#.#.......#
......5#P8#.......#.#
############...#####.#


You could see an orc priest and diana's ghost.

Vanquished Creatures
  A gnoll (D:1)
  4 adders (D:2)
  2 worms (D:2)
  2 dart slugs
  10 bats
  3 giant cockroaches
  7 goblins
  4 hobgoblins
  5 kobolds
  A quokka (D:2)
  2 ball pythons (D:1)
  2 frilled lizards
  9 rats
52 creatures vanquished.

Notes
Turn   | Place    | Note
-------+----------+-------------------------------------------
     0 | D:1      | wilfster70 the Halfling Warper began the quest for the Orb.
     0 | D:1      | Reached XP level 1. HP: 14/14 MP: 3/3
   336 | D:1      | Reached XP level 2. HP: 18/19 MP: 4/4
   342 | D:1      | Reached skill level 3 in Short Blades
   350 | D:1      | Learned a level 2 spell: Blink
   353 | D:1      | Learned a level 2 spell: Shroud of Golubria
   717 | D:1      | Reached XP level 3. HP: 18/24 MP: 5/5
  1460 | D:2      | Reached XP level 4. HP: 27/29 MP: 6/6
  1503 | D:2      | Reached skill level 4 in Short Blades
  1587 | D:2      | Found a shadowy altar of Dithmenos.
  1645 | D:2      | Reached skill level 1 in Slings
  1797 | D:2      | Found a basalt altar of Yredelemnul.
  2078 | D:2      | Reached XP level 5. HP: 33/34 MP: 7/7
  2247 | D:3      | Found a transporter.
  2355 | D:3      | Noticed diana's ghost (amateur DsGl)
  2416 | D:3      | Slain by diana's ghost

Skill      XL: |  1  2  3  4  5 |
---------------+----------------+-----
Short Blades   | 3 4 |  4.0
Armour         | 2 3 |  3.4
Slings         | 1 2 |  2.0
Fighting       | |  1.7
Throwing       | |  1.0
Dodging        | |  2.1
Spellcasting   | |  1.5
Translocations | |  3.2

Action                   |  1- 3 |  4- 6 || total
-------------------------+-------+-------++-------
Melee: Short sword       |    33 |       ||    33
       Dagger            |    58 |    59 ||   117
 Fire: Hunting sling     |     8 |     5 ||    13
 Cast: Shroud of Golubri |       |     2 ||     2
  Use: Scroll            |     2 |     1 ||     3
 Stab: Sleeping          |       |     1 ||     1
  Eat: Chunk             |     2 |     2 ||     4
Armor: Leather armour    |    20 |    13 ||    33
Dodge: Dodged            |    63 |    38 ||   101
